[Event "ICC tourney 2308 (3 2)"]
[Site "Internet Chess Club"]
[Date "2021.01.15"]
[Round "2"]
[White "HR2005"]
[Black "BrodskyUTD"]
[Result "0-1"]
[ICCResult "White checkmated"]
[WhiteElo "2041"]
[BlackElo "2564"]
[Opening "Sicilian: Najdorf"]
[ECO "B90"]
[NIC "SI.14"]
[Time "20:13:42"]
[PlyCount "74"]
[TimeControl "180+2"]

1. e4 c5 2. Nf3 d6 3. d4 cxd4 4. Nxd4 Nf6 5. Nc3 a6 6. f3 e5 7. Nb3 Be7 8.
Be3 Be6 9. Qd2 O-O 10. O-O-O Nbd7 11. g4 b5 12. g5 Nh5 13. Kb1 Nb6 14. h4
Rc8 15. Qf2 Nc4 16. Bc1 Na3+ 17. Ka1 b4 18. bxa3 Rxc3 19. axb4 Qc7 20. Bd3
Rb8 21. Bb2 Rc6 22. c3 Nf4 23. Bc2 a5 24. Nxa5 Rxc3 25. Bxc3 Qxc3+ 26. Kb1
d5 27. Qa7 Qxb4+ 28. Nb3 d4 29. Rh2 d3 30. Bxd3 Bxb3 31. axb3 Qxb3+ 32. Ka1
Qc3+ 33. Ka2 Qb3+ 34. Ka1 Nxd3 35. Qa5 Qxd1+ 36. Ka2 Qb3+ 37. Ka1 Qb1# {
White checkmated } 0-1

[Event "ICC tourney 2308 (3 2)"]
[Site "Internet Chess Club"]
[Date "2021.01.15"]
[Round "2"]
[White "iszerencsy"]
[Black "PearsonH"]
[Result "1-0"]
[ICCResult "Black resigns"]
[WhiteElo "1425"]
[BlackElo "1752"]
[Opening "French: Albin-Alekhine-Châtard attack"]
[ECO "C13"]
[NIC "FR.06"]
[Time "20:13:31"]
[PlyCount "73"]
[TimeControl "180+2"]

1. e4 e6 2. d4 d5 3. Nc3 Nf6 4. Bg5 Be7 5. e5 Nfd7 6. h4 h6 7. Bxe7 Qxe7 8.
Nf3 a6 9. Bd3 c5 10. Qe2 Nc6 11. dxc5 Qxc5 12. O-O O-O 13. Rad1 b5 14. Nb1
b4 15. c3 bxc3 16. Nxc3 Nb4 17. Bb1 a5 18. a3 Nc6 19. Qd3 f5 20. exf6 Nxf6
21. Rfe1 Ba6 22. Qc2 Rfe8 23. Nxd5 Qxc2 24. Nxf6+ gxf6 25. Bxc2 Kg7 26. Rd6
Nd8 27. Nd4 e5 28. Nf5+ Kg6 29. h5+ Kg5 30. Ng7 Re7 31. Re3 Rxg7 32. Rg3+
Kxh5 33. Rxg7 Rc8 34. Bg6+ Kh4 35. Rxa6 Rc1+ 36. Kh2 Ne6 37. g3+ { Black
resigns } 1-0

[Event "ICC tourney 2308 (3 2)"]
[Site "Internet Chess Club"]
[Date "2021.01.15"]
[Round "2"]
[White "ASharikov"]
[Black "drberkley"]
[Result "1-0"]
[ICCResult "Black resigns"]
[WhiteElo "2281"]
[BlackElo "1952"]
[Opening "Pirc defense"]
[ECO "B07"]
[NIC "PU.07"]
[Time "20:13:11"]
[PlyCount "63"]
[TimeControl "180+2"]

1. d4 Nf6 2. Nc3 g6 3. e4 d6 4. Bf4 Bg7 5. Qd2 O-O 6. O-O-O a6 7. Bh6 b5 8.
a3 Bb7 9. f3 Nc6 10. h4 Bxh6 11. Qxh6 e5 12. d5 Nd4 13. Nge2 Nxe2+ 14. Bxe2
Qe7 15. g4 Rfe8 16. h5 Qf8 17. Qe3 Qe7 18. Rh2 c6 19. dxc6 Bxc6 20. Bf1
Rad8 21. Qb6 Qb7 22. Qa5 d5 23. hxg6 fxg6 24. g5 Nh5 25. exd5 Bxd5 26. Rhd2
Nf4 27. Ne4 Nh5 28. Bh3 Qf7 29. Bg4 Bxe4 30. Rxd8 Qa2 31. Rxe8+ Kg7 32.
Rd7+ { Black resigns } 1-0

[Event "ICC tourney 2308 (3 2)"]
[Site "Internet Chess Club"]
[Date "2021.01.15"]
[Round "2"]
[White "woochess"]
[Black "Jesuscalling"]
[Result "1-0"]
[ICCResult "Black resigns"]
[WhiteElo "2595"]
[BlackElo "2050"]
[Opening "Caro-Kann: Goldman (Spielmann) variation"]
[ECO "B11"]
[NIC "CK.01"]
[Time "20:13:11"]
[PlyCount "49"]
[TimeControl "180+2"]

1. e4 c6 2. Nc3 d5 3. Qf3 e6 4. d4 g6 5. Qg3 Bg7 6. Nf3 Qb6 7. Bd3 Nf6 8.
Qh4 dxe4 9. Nxe4 Nxe4 10. Bxe4 Nd7 11. O-O Nf6 12. Bd3 c5 13. Bh6 O-O 14.
Ng5 Qxb2 15. dxc5 Qe5 16. Rae1 Qxc5 17. Re3 e5 18. Bxg7 Kxg7 19. Rfe1 Re8
20. Rf3 Qd6 21. Nxf7 Qe6 22. Bc4 Qb6 23. Qh6+ Kg8 24. Ng5+ Kh8 25. Rxf6 {
Black resigns } 1-0

[Event "ICC tourney 2308 (3 2)"]
[Site "Internet Chess Club"]
[Date "2021.01.15"]
[Round "2"]
[White "Retrospective"]
[Black "rychessmaster1"]
[Result "1-0"]
[ICCResult "Black resigns"]
[WhiteElo "2668"]
[BlackElo "2187"]
[Opening "Caro-Kann: Panov-Botvinnik attack"]
[ECO "B13"]
[NIC "CK.03"]
[Time "20:13:17"]
[PlyCount "85"]
[TimeControl "180+2"]

1. e4 c6 2. d4 d5 3. exd5 cxd5 4. c4 Nf6 5. Nc3 Nc6 6. Bg5 Be6 7. Be2 Qa5
8. c5 Ne4 9. Bd2 Nxd2 10. Qxd2 g6 11. Nf3 Bg7 12. O-O O-O 13. a3 a6 14. b4
Qc7 15. h3 Rfd8 16. Rfe1 h6 17. Bd1 Kh7 18. Bc2 Rac8 19. Rxe6 fxe6 20. Qd3
Qf4 21. Qxg6+ Kg8 22. Qxe6+ Qf7 23. Qg4 Rf8 24. Bg6 Qf4 25. Qxf4 Rxf4 26.
Nxd5 Rff8 27. Re1 Rcd8 28. Nxe7+ Nxe7 29. Rxe7 Bxd4 30. Rxb7 a5 31. c6 axb4
32. axb4 Bf6 33. b5 Rd6 34. c7 Be7 35. Be4 Rd1+ 36. Kh2 Bd6+ 37. g3 Rc1 38.
b6 Re8 39. Bd5+ Kf8 40. Nd4 Ree1 41. Rb8+ Kg7 42. c8=Q Rh1+ 43. Bxh1 {
Black resigns } 1-0

[Event "ICC tourney 2308 (3 2)"]
[Site "Internet Chess Club"]
[Date "2021.01.15"]
[Round "2"]
[White "ChiefDas"]
[Black "haarim"]
[Result "1-0"]
[ICCResult "Black forfeits on time"]
[WhiteElo "1857"]
[BlackElo "1491"]
[Opening "French: Réti (Spielmann) variation"]
[ECO "C00"]
[NIC "FR.01"]
[Time "20:13:15"]
[PlyCount "47"]
[TimeControl "180+2"]

1. e4 e6 2. b3 d5 3. Bb2 Nf6 4. e5 Nfd7 5. Qg4 c5 6. f4 Nc6 7. Nf3 a6 8.
Nc3 b5 9. h4 Bb7 10. O-O-O c4 11. d4 cxb3 12. axb3 g6 13. h5 gxh5 14. Rxh5
Qa5 15. Bd3 Ba3 16. Rxh7 Bxb2+ 17. Kxb2 O-O-O 18. Rxh8 Rxh8 19. Ra1 Qb6 20.
Qg7 Rf8 21. Ne2 Kc7 22. c3 b4 23. c4 dxc4 24. Bxc4 { Black forfeits on time
} 1-0

[Event "ICC tourney 2308 (3 2)"]
[Site "Internet Chess Club"]
[Date "2021.01.15"]
[Round "2"]
[White "sahina"]
[Black "DejaVu"]
[Result "1-0"]
[ICCResult "Black resigns"]
[WhiteElo "1550"]
[BlackElo "1850"]
[Opening "Queen's pawn: London system"]
[ECO "A45"]
[NIC "QP.07"]
[Time "20:13:57"]
[PlyCount "67"]
[TimeControl "180+2"]

1. d4 Nf6 2. Bf4 g6 3. e3 Bg7 4. Nf3 d6 5. c3 O-O 6. Nbd2 Nbd7 7. h4 h5 8.
Bd3 Re8 9. Qc2 e5 10. dxe5 dxe5 11. Bg5 Qe7 12. Ne4 Nc5 13. Bxf6 Bxf6 14.
Nxf6+ Qxf6 15. Ng5 Nxd3+ 16. Qxd3 Bf5 17. Qc4 c6 18. O-O Rad8 19. Rad1 Be6
20. Qb4 Qe7 21. Qxe7 Rxe7 22. Rxd8+ Kg7 23. Rfd1 Bxa2 24. Rb8 Bb3 25. Rdd8
Kf6 26. Nh7+ Kf5 27. f3 e4 28. f4 Kg4 29. Rd2 Kg3 30. Ng5 Bc4 31. Rd4 Bd3
32. Rbd8 f6 33. Nh3 c5 34. R4d7 { Black resigns } 1-0

[Event "ICC tourney 2308 (3 2)"]
[Site "Internet Chess Club"]
[Date "2021.01.15"]
[Round "2"]
[White "CaptK"]
[Black "A4-H5"]
[Result "1-0"]
[ICCResult "Black checkmated"]
[WhiteElo "2368"]
[BlackElo "1999"]
[Opening "Ware (Meadow Hay) opening"]
[ECO "A00"]
[Time "20:13:19"]
[PlyCount "97"]
[TimeControl "180+2"]

1. a4 e5 2. e3 d5 3. d4 Nd7 4. Nf3 e4 5. Nfd2 c6 6. c4 Ngf6 7. Nc3 Bb4 8.
cxd5 cxd5 9. Qb3 Bxc3 10. bxc3 O-O 11. Ba3 Re8 12. c4 Nb6 13. c5 Nbd7 14.
Be2 Nf8 15. h3 Ng6 16. g3 h5 17. Rb1 h4 18. g4 Nh7 19. Kf1 Ng5 20. Kg2 Qd7
21. Bb5 Qd8 22. Bxe8 Qxe8 23. Qxd5 Nf3 24. Nxf3 exf3+ 25. Qxf3 Bd7 26. Bb2
Bxa4 27. e4 Bc2 28. Rbe1 Qb5 29. Bc1 Re8 30. e5 Qd7 31. Bg5 Qxd4 32. Qxb7
Rxe5 33. Be3 Be4+ 34. Kh2 Qxe3 35. Qb8+ Kh7 36. Rxe3 f6 37. Rhe1 Bd5 38.
Rxe5 Nxe5 39. Rxe5 fxe5 40. Qxe5 Bf7 41. Qb8 a5 42. Qa7 Kg6 43. Qxa5 Kg5
44. Qb6 g6 45. c6 Be6 46. c7 Bc8 47. Qd6 Kh6 48. Qf8+ Kg5 49. f4# { Black
checkmated } 1-0

[Event "ICC tourney 2308 (3 2)"]
[Site "Internet Chess Club"]
[Date "2021.01.15"]
[Round "2"]
[White "ved2006"]
[Black "clair"]
[Result "0-1"]
[ICCResult "White resigns"]
[WhiteElo "1686"]
[BlackElo "1681"]
[Opening "Modern defense"]
[ECO "A40"]
[NIC "QO.17"]
[Time "20:13:10"]
[PlyCount "78"]
[TimeControl "180+2"]

1. d4 g6 2. Nf3 Bg7 3. Bf4 d6 4. e3 Nd7 5. c4 e6 6. Nc3 Ne7 7. Be2 O-O 8.
O-O b6 9. b4 Bb7 10. Qb3 Nf6 11. h3 Rb8 12. Rac1 h6 13. Qa3 a6 14. c5 Ned5
15. Nxd5 Nxd5 16. Bh2 e5 17. dxe5 dxe5 18. Bxe5 Nf6 19. c6 Bc8 20. Rfd1 Qe8
21. Bxc7 Ra8 22. Bxb6 Ne4 23. Rd8 Qe6 24. Rxf8+ Bxf8 25. Bc4 Qf5 26. Qd3
Bxb4 27. Qd8+ Kg7 28. Bd4+ Nf6 29. Qe7 Bxe7 30. Rc3 Be6 31. Bd3 Qa5 32. c7
Qxa2 33. Ne5 Qa1+ 34. Kh2 Nd5 35. Nc4+ Bf6 36. Ra3 Bxd4 37. Rxa1 Bxa1 38.
Nd6 Nxc7 39. Kg3 Be5+ { White resigns } 0-1

[Event "ICC tourney 2308 (3 2)"]
[Site "Internet Chess Club"]
[Date "2021.01.15"]
[Round "2"]
[White "ZYCON"]
[Black "yogokings12"]
[Result "0-1"]
[ICCResult "White checkmated"]
[WhiteElo "1385"]
[BlackElo "1683"]
[Opening "Grünfeld: modern exchange variation"]
[ECO "D90"]
[NIC "GI.07"]
[Time "20:13:20"]
[PlyCount "166"]
[TimeControl "180+2"]

1. d4 Nf6 2. c4 g6 3. Nf3 Bg7 4. Nc3 d5 5. cxd5 Nxd5 6. e4 Nxc3 7. bxc3 c5
8. Be3 Nc6 9. Be2 O-O 10. O-O Bg4 11. d5 Bxf3 12. Bxf3 Ne5 13. Rc1 Nxf3+
14. Qxf3 b6 15. Rfd1 Qc7 16. c4 Rad8 17. Bf4 Be5 18. Bxe5 Qxe5 19. Qe2 f5
20. Re1 f4 21. f3 Rd6 22. Rc2 Rfd8 23. Qf2 g5 24. Rb1 h5 25. h3 Rg6 26. Kf1
Rf8 27. Qd2 g4 28. hxg4 hxg4 29. Qc3 Qxc3 30. Rxc3 gxf3 31. gxf3 Kf7 32.
Rb2 Kf6 33. Rg2 Rfg8 34. Rxg6+ Rxg6 35. Kf2 Ke5 36. Rd3 Rh6 37. Kg2 Rg6+
38. Kf2 Rg3 39. Rd1 Rh3 40. Kg2 Rg3+ 41. Kf2 Rh3 42. Kg2 Rh6 43. Rd3 Rg6+
44. Kf2 Rg3 45. Rd1 Rh3 46. Kg2 Rg3+ 47. Kf2 Rh3 48. Kg2 Rh6 49. Kf2 Rh2+
50. Ke1 Rxa2 51. Rd2 Rxd2 52. Kxd2 a5 53. Kd3 e6 54. dxe6 Kxe6 55. Kc3 Ke5
56. Kd3 Kd6 57. Kc3 Kc6 58. e5 b5 59. cxb5+ Kxb5 60. e6 Kc6 61. Kc4 a4 62.
Kc3 Kd6 63. e7 Kxe7 64. Kb2 Kd6 65. Ka3 Kd5 66. Kxa4 Kd4 67. Kb5 c4 68. Kb4
c3 69. Kb3 Kd3 70. Ka2 Kd2 71. Kb3 c2 72. Kc4 c1=Q+ 73. Kd4 Ke2 74. Ke4
Qe3+ 75. Kf5 Kd3 76. Kg4 Kd4 77. Kf5 Qxf3 78. Kg5 Qg3+ 79. Kf5 f3 80. Kf6
f2 81. Ke6 f1=Q 82. Ke7 Qg7+ 83. Kd6 Qff6# { White checkmated } 0-1

[Event "ICC tourney 2308 (3 2)"]
[Site "Internet Chess Club"]
[Date "2021.01.15"]
[Round "2"]
[White "KingRayfish"]
[Black "dsmartins"]
[Result "1-0"]
[ICCResult "Black checkmated"]
[WhiteElo "1469"]
[BlackElo "1777"]
[Opening "Scandinavian (center counter) defense"]
[ECO "B01"]
[NIC "SD.01"]
[Time "20:13:26"]
[PlyCount "63"]
[TimeControl "180+2"]

1. e4 d5 2. exd5 Qxd5 3. Nc3 Qa5 4. Nf3 Nf6 5. Be2 Bf5 6. O-O e6 7. d3 c6
8. Bf4 Be7 9. Bg3 O-O 10. Re1 Nbd7 11. Bf1 Qd8 12. Ne5 Nxe5 13. Bxe5 Nd5
14. Ne4 Nf6 15. h3 Nxe4 16. dxe4 Bg6 17. f4 Qb6+ 18. Kh1 Rfd8 19. Qf3 h6
20. f5 exf5 21. exf5 Bh7 22. Bxg7 Kxg7 23. Rxe7 Rf8 24. f6+ Kh8 25. Bd3
Qxb2 26. Rf1 Rae8 27. Bxh7 Kxh7 28. Qf5+ Kh8 29. Qh5 Kh7 30. Rxf7+ Rxf7 31.
Qxf7+ Kh8 32. Qg7# { Black checkmated } 1-0

[Event "ICC tourney 2308 (3 2)"]
[Site "Internet Chess Club"]
[Date "2021.01.15"]
[Round "2"]
[White "MarfaEs"]
[Black "YKQ"]
[Result "0-1"]
[ICCResult "White checkmated"]
[WhiteElo "2004"]
[BlackElo "2550"]
[Opening "English opening"]
[ECO "A13"]
[NIC "EO.64"]
[Time "20:13:11"]
[PlyCount "60"]
[TimeControl "180+2"]

1. c4 e6 2. Nf3 f5 3. b3 Nf6 4. Bb2 Be7 5. g3 O-O 6. Bg2 d6 7. d4 Qe8 8.
O-O Nc6 9. Nc3 Bd8 10. d5 exd5 11. cxd5 Ne5 12. Rc1 Kh8 13. Re1 Bd7 14. e4
fxe4 15. Nxe4 Bg4 16. Neg5 Qh5 17. Bxe5 dxe5 18. Rxe5 Nd7 19. Re3 Bxg5 20.
Rec3 Bxc1 21. Rxc7 Ne5 22. Qxc1 Nxf3+ 23. Bxf3 Bxf3 24. Qc3 Rg8 25. d6 Raf8
26. h4 Qf5 27. Kh2 Bc6 28. d7 Qxf2+ 29. Kh3 Qf1+ 30. Kh2 Rf2# { White
checkmated } 0-1

[Event "ICC tourney 2308 (3 2)"]
[Site "Internet Chess Club"]
[Date "2021.01.15"]
[Round "2"]
[White "MrNormalName"]
[Black "elshan-defence"]
[Result "0-1"]
[ICCResult "White checkmated"]
[WhiteElo "2174"]
[BlackElo "2624"]
[Opening "Old Indian: Ukrainian variation"]
[ECO "A53"]
[NIC "OI.04"]
[Time "20:13:28"]
[PlyCount "132"]
[TimeControl "180+2"]

1. d4 Nf6 2. c4 d6 3. Nc3 e5 4. dxe5 dxe5 5. Qxd8+ Kxd8 6. Bg5 Be6 7. Rd1+
Nd7 8. Bxf6+ gxf6 9. e3 Bb4 10. Bd3 Bxc3+ 11. bxc3 Ke7 12. Ne2 Nc5 13. Ng3
Nxd3+ 14. Rxd3 Bxc4 15. Nf5+ Ke6 16. Ng7+ Ke7 17. Nf5+ Ke8 18. Rd2 Rg8 19.
f3 Be6 20. e4 Bxf5 21. exf5 Rd8 22. Rxd8+ Kxd8 23. Kf2 Ke7 24. Rb1 b6 25.
Rb4 Rd8 26. Ke2 Rg8 27. g3 Rg5 28. Rh4 h5 29. g4 hxg4 30. fxg4 Rg8 31. h3
b5 32. Rh7 c5 33. Kf3 b4 34. cxb4 cxb4 35. h4 a5 36. g5 fxg5 37. h5 g4+ 38.
Kg3 a4 39. Rh6 Rb8 40. Ra6 b3 41. axb3 axb3 42. Ra1 b2 43. Rb1 Kf6 44. Kxg4
Rb4+ 45. Kg3 Kxf5 46. Kf3 Kg5 47. Rg1+ Kxh5 48. Rb1 Kg5 49. Rg1+ Kf5 50.
Rb1 Rb3+ 51. Ke2 Ke4 52. Kd2 f5 53. Kc2 Rb5 54. Kd2 f4 55. Re1+ Kf5 56. Rb1
f3 57. Ke3 Rb3+ 58. Kf2 Kf4 59. Rh1 b1=R 60. Rxb1 Rc3 61. Rc1 Re3 62. Rc4+
e4 63. Rc8 Re2+ 64. Kf1 Ra2 65. Rb8 Ra1+ 66. Kf2 e3# { White checkmated }
0-1

[Event "ICC tourney 2308 (3 2)"]
[Site "Internet Chess Club"]
[Date "2021.01.15"]
[Round "2"]
[White "arunjayanthi"]
[Black "GrandWizard"]
[Result "0-1"]
[ICCResult "White checkmated"]
[WhiteElo "1524"]
[BlackElo "1806"]
[Opening "Philidor's defense"]
[ECO "C41"]
[NIC "KP.08"]
[Time "20:13:13"]
[PlyCount "106"]
[TimeControl "180+2"]

1. e4 e5 2. Nf3 d6 3. d4 Nc6 4. dxe5 Nxe5 5. Nxe5 dxe5 6. Qxd8+ Kxd8 7. Bc4
f6 8. Nc3 Bb4 9. Bd2 Bxc3 10. Bxc3 c6 11. O-O-O+ Kc7 12. g3 Ne7 13. f4 exf4
14. gxf4 Ng6 15. e5 fxe5 16. fxe5 Bg4 17. Rd2 Rad8 18. Rxd8 Rxd8 19. Rg1
Bf3 20. Re1 Nf4 21. e6 Nd5 22. Bxg7 Re8 23. Bxd5 Bxd5 24. e7 Kd7 25. Bf8 b5
26. Rd1 Ke6 27. b3 Kf7 28. Kb2 a5 29. Kc3 Rxe7 30. Bxe7 Kxe7 31. a3 Kd6 32.
b4 axb4+ 33. axb4 h5 34. h4 Ke5 35. Kd3 Kf4 36. Kd4 Kg4 37. Ke5 Kxh4 38.
Rxd5 cxd5 39. Kxd5 Kg4 40. c4 h4 41. cxb5 h3 42. b6 h2 43. b7 h1=Q+ 44. Kd6
Qxb7 45. Kc5 Kf5 46. b5 Ke5 47. b6 Ke6 48. Kb5 Kd6 49. Ka5 Kc5 50. Ka4 Qxb6
51. Ka3 Kc4 52. Ka2 Kc3 53. Ka1 Qb2# { White checkmated } 0-1

[Event "ICC tourney 2308 (3 2)"]
[Site "Internet Chess Club"]
[Date "2021.01.15"]
[Round "2"]
[White "blackjack721"]
[Black "Ayushb"]
[Result "0-1"]
[ICCResult "White checkmated"]
[WhiteElo "1454"]
[BlackElo "1769"]
[Opening "Giuoco Piano"]
[ECO "C54"]
[NIC "IG.02"]
[Time "20:14:04"]
[PlyCount "94"]
[TimeControl "180+2"]

1. e4 e5 2. Nf3 Nc6 3. Bc4 Bc5 4. c3 Nf6 5. d3 d6 6. a4 a6 7. b4 Ba7 8. Qb3
Qe7 9. O-O O-O 10. Ng5 b5 11. axb5 axb5 12. Bxb5 Bd7 13. Na3 Ng4 14. h3 Nf6
15. Nc4 Bxf2+ 16. Rxf2 Rxa1 17. Qd1 h6 18. Nf3 Rb8 19. Ba4 Ra8 20. Bc2 Be6
21. Qd2 Bxc4 22. dxc4 R1a2 23. Qe3 Qe6 24. Bd3 Nh5 25. Nh4 Nf4 26. Rxf4
exf4 27. Qxf4 Ne5 28. Be2 Rxe2 29. Nf5 Raa2 30. Ne3 Re1+ 31. Kh2 Rxc1 32.
Nd5 Rcc2 33. Qg3 Rxg2+ 34. Qxg2 Rxg2+ 35. Kxg2 c6 36. Nc7 Qxc4 37. Ne8 Qxc3
38. Nxd6 Qxb4 39. Nf5 Qxe4+ 40. Kg3 Qxf5 41. h4 Qf3+ 42. Kh2 c5 43. h5 c4
44. Kg1 c3 45. Kh2 c2 46. Kg1 c1=Q+ 47. Kh2 Qch1# { White checkmated } 0-1

[Event "ICC tourney 2308 (3 2)"]
[Site "Internet Chess Club"]
[Date "2021.01.15"]
[Round "2"]
[White "saif-shawkat"]
[Black "TjkTiger"]
[Result "0-1"]
[ICCResult "White resigns"]
[WhiteElo "2059"]
[BlackElo "2597"]
[Opening "Sicilian: accelerated fianchetto, Maróczy bind, 6.Be3"]
[ECO "B38"]
[NIC "SI.43"]
[Time "20:13:34"]
[PlyCount "74"]
[TimeControl "180+2"]

1. e4 c5 2. Nf3 g6 3. d4 cxd4 4. Nxd4 Bg7 5. c4 Nc6 6. Be3 Qb6 7. Nb5 Qa5+
8. N5c3 Nf6 9. f3 O-O 10. Be2 d6 11. O-O Be6 12. Nd5 Rfe8 13. Nbc3 Rac8 14.
a3 Ne5 15. b4 Qd8 16. Qb3 b6 17. Rac1 Bd7 18. Rfd1 Bc6 19. c5 Bxd5 20. Nxd5
Nxd5 21. Rxd5 bxc5 22. bxc5 Nc6 23. cxd6 exd6 24. Bb5 Na5 25. Rxc8 Qxc8 26.
Qb4 Bc3 27. Qb1 Rd8 28. Qd3 Nb7 29. Ba6 Be5 30. Bxa7 Qc6 31. Bxb7 Qxb7 32.
Bd4 Bxd4+ 33. Rxd4 Qb6 34. Kf1 Qc5 35. Ke2 Rb8 36. Rxd6 Rb2+ 37. Kd1 Qg1+ {
White resigns } 0-1

[Event "ICC tourney 2308 (3 2)"]
[Site "Internet Chess Club"]
[Date "2021.01.15"]
[Round "2"]
[White "spideydavey"]
[Black "stephenwilly"]
[Result "0-1"]
[ICCResult "White resigns"]
[WhiteElo "1802"]
[BlackElo "1460"]
[Opening "Ruy Lopez: closed, 9.h3"]
[ECO "C92"]
[NIC "RL.21"]
[Time "20:13:17"]
[PlyCount "80"]
[TimeControl "180+2"]

1. e4 e5 2. Nf3 Nc6 3. Bb5 a6 4. Ba4 Nf6 5. O-O b5 6. Bb3 Be7 7. Re1 d6 8.
c3 O-O 9. h3 d5 10. exd5 Nxd5 11. Nxe5 Nxe5 12. Rxe5 Nf4 13. d4 Ng6 14. Re1
Bb7 15. Nd2 Bd6 16. Ne4 Re8 17. Nxd6 Qxd6 18. Be3 Nh4 19. Qh5 Nxg2 20.
Bxf7+ Kh8 21. Bxe8 Nxe1 22. Rxe1 g6 23. Bxg6 Qxg6+ 24. Qxg6 hxg6 25. Bg5
Rf8 26. Re7 Rf3 27. h4 Rh3 28. Kf1 Bf3 29. Ke1 Rh1+ 30. Kd2 Bd5 31. Rxc7
Bxa2 32. Bf6+ Kg8 33. Ke3 Re1+ 34. Kf4 Re2 35. Kg5 Rxf2 36. Kxg6 Bb1+ 37.
Kg5 Rg2+ 38. Kh6 Rg6+ 39. Kh5 Rxf6 40. Kg5 Rg6+ { White resigns } 0-1

[Event "ICC tourney 2308 (3 2)"]
[Site "Internet Chess Club"]
[Date "2021.01.15"]
[Round "2"]
[White "Kinawa"]
[Black "Ben2008"]
[Result "0-1"]
[ICCResult "White forfeits on time"]
[WhiteElo "1535"]
[BlackElo "1900"]
[Opening "Sicilian: Najdorf"]
[ECO "B90"]
[NIC "SI.14"]
[Time "20:13:15"]
[PlyCount "80"]
[TimeControl "180+2"]

1. e4 c5 2. Nf3 d6 3. d4 cxd4 4. Nxd4 Nf6 5. Nc3 a6 6. f3 b5 7. a3 Bb7 8.
Be3 Nbd7 9. Be2 e6 10. O-O Be7 11. b4 O-O 12. Qd2 Rc8 13. Nd1 d5 14. exd5
Nxd5 15. Bf2 Bf6 16. Ne3 Nc3 17. Ng4 Nb6 18. Nxf6+ Qxf6 19. Bd3 Nbd5 20.
Nb3 Rfd8 21. Nc5 Rc7 22. Bg3 Re7 23. Rfe1 h6 24. Be5 Qh4 25. Bxc3 Nxc3 26.
Qxc3 Rc8 27. Qe5 Rec7 28. Be4 Bxe4 29. Rxe4 Qe7 30. Rd1 a5 31. c3 axb4 32.
axb4 Ra7 33. Red4 Rca8 34. h3 Ra1 35. Rxa1 Rxa1+ 36. Kh2 Qh4 37. Nb7 Qf2
38. Rd8+ Kh7 39. Qe4+ g6 40. Qf4 Qg1+ { White forfeits on time } 0-1

[Event "ICC tourney 2308 (3 2)"]
[Site "Internet Chess Club"]
[Date "2021.01.15"]
[Round "2"]
[White "DrKnight01"]
[Black "aberdeenace"]
[Result "0-1"]
[ICCResult "White checkmated"]
[WhiteElo "1216"]
[BlackElo "1546"]
[Opening "Pirc: classical (two knights) system"]
[ECO "A40"]
[NIC "PU.10"]
[Time "20:13:37"]
[PlyCount "96"]
[TimeControl "180+2"]

1. d4 g6 2. Nf3 Bg7 3. Nc3 Nf6 4. e4 d6 5. Bg5 O-O 6. Bd3 Bg4 7. h3 Bxf3 8.
Qxf3 Nc6 9. Qe3 Nd7 10. g4 Nxd4 11. O-O-O c5 12. h4 Re8 13. h5 Rb8 14. hxg6
fxg6 15. Bh6 Bh8 16. Bg5 b5 17. Rh2 b4 18. Nd5 Nf6 19. Rdh1 Nxg4 20. Qh3
Nxh2 21. Rxh2 h5 22. Qg3 c4 23. Bh6 Kf7 24. Bxc4 e6 25. Qf4+ Kg8 26. Qg3
Kf7 27. Nf4 d5 28. Qxg6+ Ke7 29. Bd3 Rc8 30. Bg5+ Kd7 31. Bxd8 b3 32. Qf7+
Kxd8 33. c3 bxa2 34. Nxe6+ Nxe6 35. Qxh5 a1=Q+ 36. Kd2 Qxb2+ 37. Ke3 Qc1+
38. Kf3 Ng5+ 39. Kg2 Be5 40. Rh4 Rg8 41. Rg4 Qd2 42. Qh4 Rc7 43. Kh1 Rh7
44. Kg2 Rxh4 45. Ba6 Rxg4+ 46. Kf1 Rh4 47. Kg2 Nf3+ 48. Kxf3 Rf4# { White
checkmated } 0-1

[Event "ICC tourney 2308 (3 2)"]
[Site "Internet Chess Club"]
[Date "2021.01.15"]
[Round "2"]
[White "mchessmaster"]
[Black "MasterZachary"]
[Result "0-1"]
[ICCResult "White resigns"]
[WhiteElo "1955"]
[BlackElo "2307"]
[Opening "Four knights: Spanish variation"]
[ECO "C48"]
[NIC "KP.03"]
[Time "20:14:04"]
[PlyCount "86"]
[TimeControl "180+2"]

1. e4 e5 2. Nf3 Nc6 3. Nc3 Nf6 4. Bb5 Bd6 5. d3 h6 6. O-O O-O 7. h3 a6 8.
Ba4 b5 9. Bb3 Be7 10. Nd5 Na5 11. Nxe5 Nxb3 12. axb3 Nxd5 13. exd5 Bb7 14.
c4 Bd6 15. d4 Re8 16. Bf4 Qf6 17. Qg4 c6 18. dxc6 dxc6 19. Rfe1 c5 20. Nd3
Qxd4 21. Bxh6 Qxg4 22. hxg4 gxh6 23. cxb5 axb5 24. Rxe8+ Rxe8 25. Rc1 Rc8
26. f3 c4 27. bxc4 bxc4 28. Nf2 Be5 29. Rc2 Bd4 30. Kf1 Ba6 31. Ke1 Re8+
32. Kd1 Bb5 33. Ne4 Ba4 34. Nd6 Bxc2+ 35. Kxc2 Re2+ 36. Kd1 Rxb2 37. Nxc4
Rxg2 38. Nd6 Rf2 39. Nf5 Bg7 40. Nh4 Bf6 41. Nf5 Bg5 42. Nd4 Rd2+ 43. Ke1
Rxd4 { White resigns } 0-1

[Event "ICC tourney 2308 (3 2)"]
[Site "Internet Chess Club"]
[Date "2021.01.15"]
[Round "2"]
[White "Goran21"]
[Black "mhebden"]
[Result "1-0"]
[ICCResult "Black resigns"]
[WhiteElo "2008"]
[BlackElo "2503"]
[Opening "King's Indian: fianchetto, Yugoslav, 7.O-O"]
[ECO "E65"]
[NIC "KI.69"]
[Time "20:13:12"]
[PlyCount "165"]
[TimeControl "180+2"]

1. c4 g6 2. Nf3 Bg7 3. g3 Nf6 4. Bg2 O-O 5. O-O c5 6. Nc3 d6 7. d4 cxd4 8.
Nxd4 Nc6 9. Nxc6 bxc6 10. Bxc6 Rb8 11. Bg2 Qa5 12. Qd3 Bb7 13. Bxb7 Rxb7
14. b3 d5 15. Qf3 Rd7 16. Rb1 dxc4 17. bxc4 Rc8 18. Rb5 Qc7 19. Nd5 Qxc4
20. Nxf6+ Bxf6 21. Rb7 Rxb7 22. Qxb7 Qc7 23. Qa6 h5 24. Bf4 Qc6 25. Qxa7
Ra8 26. Qe3 Rxa2 27. Rc1 Qb5 28. Re1 Kg7 29. h4 Qb4 30. Kf1 Ra3 31. Qc1 Ra2
32. Bh6+ Kh7 33. Bg5 Qb7 34. Kg1 Ra1 35. Qd2 Rxe1+ 36. Qxe1 Bxg5 37. hxg5
Qe4 38. Qd2 h4 39. gxh4 Qg4+ 40. Kf1 Qxh4 41. Qd5 e6 42. Qf3 Kg8 43. Qg2
Qd4 44. Qf3 Qd2 45. Qg4 Qd5 46. e4 Qd4 47. Kg2 Qd2 48. Qh4 Qe2 49. Qf4 Kf8
50. Qd6+ Kg7 51. Qe5+ Kg8 52. Qf4 Qd3 53. e5 Qe2 54. Kg3 Qf1 55. Qe3 Qg1+
56. Kf3 Qh2 57. Ke2 Qh4 58. f4 Qh2+ 59. Kd3 Qh1 60. Kc3 Qd5 61. Qd4 Qf3+
62. Kb4 Kh7 63. Kc5 Qb3 64. Kd6 Qb7 65. Qc5 Qe4 66. Qf2 Kg7 67. Ke7 Qb4+
68. Kd7 Qb7+ 69. Kd6 Kf8 70. Qc5 Qe4 71. Kd7+ Kg7 72. Ke8 Qxf4 73. Qf8+ Kh7
74. Qxf7+ Qxf7+ 75. Kxf7 Kh8 76. Kxg6 Kg8 77. Kf6 Kh7 78. Kxe6 Kg6 79. Kd7
Kxg5 80. e6 Kf6 81. e7 Ke5 82. e8=Q+ Kd5 83. Qe6+ { Black resigns } 1-0